 Dungeon Crawl Stone Soup version 0.29.1-15-g9cfb28693d (webtiles) character file.

Game seed: 8388321305451073279

39 Artool the Trooper (level 3, 1/29 HPs)
             Began as a Demonspawn Fighter on Apr 11, 2023.
             Quit the game on level 1 of the Dungeon.
             The game lasted 00:01:01 (934 turns).

Artool the Trooper (Demonspawn Fighter)              Turns: 934, Time: 00:01:02

Health: 1/29       AC:  6    Str: 18    XL:     3   Next: 26%
Magic:  3/3        EV:  9    Int:  9    God:
Gold:   82         SH:  4    Dex: 12    Spells: 2/2 levels left

rFire   . . .      SeeInvis .   a - +0 flail
rCold   . . .      Faith    .   c - +0 buckler
rNeg    . . .      Spirit   .   b - +0 scale mail
rPois   .          Reflect  .   (no helmet)
rElec   .          Harm     .   (no cloak)
rCorr   .          Rampage  .   (no gloves)
Will    .....                   (no boots)
Stlth   ..........              (no amulet)
HPRegen 0.09/turn               (no ring)
MPRegen 0.08/turn               (no ring)

@: no status effects
A: hooves 1, powered by pain 1
a: no special abilities


You were on level 1 of the Dungeon.
You visited 1 branch of the dungeon, and saw 2 of its levels.

You collected 82 gold pieces.

Inventory:

Hand Weapons
 a - a +0 flail (weapon)
Armour
 b - a +0 scale mail (worn)
 c - a +0 buckler (worn)
Jewellery
 h - a ring of magical power
 i - a +6 ring of strength
Scrolls
 e - a scroll of blinking {unknown}
 f - a scroll of identify {unknown}
 j - a scroll of teleportation {unknown}
Potions
 d - a potion of might
 g - a potion of degeneration {unknown}
 k - a potion of brilliance {unknown}
 l - a potion of resistance {unknown}


   Skills:
 + Level 3.4 Fighting
 + Level 2.3 Maces & Flails
 + Level 3.1 Armour
 - Level 3.0 Shields


You had 2 spell levels left.
You didn't know any spells.
Your spell library was empty.

Dungeon Overview and Level Annotations

Branches:
Dungeon (2/15)

Altars:

Annotations:
D:2 Terence


Innate Abilities, Weirdness & Mutations

You have large cloven feet.
You sometimes gain a little power by taking damage.


Message History

The kobold hits you with a +0 short sword.
The kobold attacks as you move away! The kobold hits you but does no damage.
Jessica casts a spell.
Jessica blinks!
The kobold attacks as you move away!
The kobold hits you with a +0 short sword.
Jessica hits you with a +0 dagger.
You closely miss Jessica. Jessica hits you with a +0 dagger.
You block Jessica's attack.
You closely miss Jessica. Jessica hits you with a +0 dagger.
Jessica closely misses you. Jessica hits you with a +0 dagger.
Jessica gestures wildly while chanting.
Jessica blinks!
Jessica attacks as you move away! Jessica hits you with a +0 dagger. x2
* * * LOW HITPOINT WARNING * * *
There is a stone staircase leading up here.
Jessica hits you with a +0 dagger.
* * * LOW HITPOINT WARNING * * *
Jessica hits you but does no damage.
You climb upwards.
There is a stone staircase leading down here.
You are too injured to fight recklessly!
You completely miss Jessica. Jessica hits you with a +0 dagger.
* * * LOW HITPOINT WARNING * * *
Jessica closely misses you.
You sock Jessica!
Jessica is almost dead.
Jessica hits you but does no damage. You block Jessica's attack.
You sock Jessica!
You kill Jessica!
Training target 3.0 for Shields reached!
Your Armour skill increases to level 3!
Your Shields skill increases to level 3!
You have reached level 3!
Your experience leads to an increase in your attributes!
Increase (S)trength, (I)ntelligence, or (D)exterity?
You feel stronger. x2; Your demonic ancestry asserts itself...
Your feet thicken and deform.
Are you sure you want to abandon this character and quit the game? (Confirm with "yes".)

.#......# ♣.♣.♣ #...#
.######.####
###.########...#
...........#
#..##........#
....####...#
##....####.#.# ###.##
##..## #.#### #.#.#
.....# #...## #.#
#.#.#####
###..#####...####.####
#.#....>.
#..#...............#
#.#######
#..'..........@....# #.#
#.##.........##)...####.#
#.##....###..'..........#
#.##....#.#...#..########
#.##..###.###....#
#.#...#.....#....#
###.#.###.###.###..#
.##.#.#...# #.)...##
....#.###.###.###.#


There were no monsters in sight!

Vanquished Creatures
  Jessica (D:1)
  3 ball pythons
  2 bats
  3 endoplasms
  2 kobolds (D:1)
  A quokka (D:1)
12 creatures vanquished.

Notes
Turn   | Place    | Note
-------+----------+-------------------------------------------
     0 | D:1      | Artool the Demonspawn Fighter began the quest for the Orb.
     0 | D:1      | Reached XP level 1. HP: 18/18 MP: 1/1
    94 | D:1      | Found a faded altar of an unknown god.
   359 | D:1      | Gained mutation: You sometimes gain a little power by
                  | taking damage. [demonic ancestry]
   359 | D:1      | Reached XP level 2. HP: 20/24 MP: 2/2
   892 | D:2      | Noticed Terence
   895 | D:2      | Noticed Jessica
   931 | D:1      | HP: 1/24 [Jessica/+0 dagger (2)]
   933 | D:1      | Killed Jessica
   934 | D:1      | Gained mutation: You have large cloven feet. [demonic
                  | ancestry]
   934 | D:1      | Reached XP level 3. HP: 1/29 MP: 3/3
   934 | D:1      | Quit the game

Illustrated notes

Levels and vault maps discovered:
D:1:      roderic_dead_forest, layout_basic, basic_ecumenical_altar,
          minmay_quantized
D:2:      layout_basic, uniq_terence, uniq_jessica

Skill      XL: |  1  2 |
---------------+-------+-----
Maces & Flails | 2 |  2.3
Armour         | 3 |  3.1
Shields        | 3 |  3.0
Fighting       | |  3.4

Action                   || total
-------------------------++-------
Melee: Flail             ||    36
Armor: Scale mail        ||    19
Dodge: Dodged            ||    25
Block: Buckler           ||     7
